 Dungeon Crawl Stone Soup version 0.19-a0-1019-g9c6a58d (webtiles) character file.

10950 wtf the Carver (level 11, -3/78 HPs)
             Began as a High Elf Fighter on July 26, 2016.
             Was a High Priest of Okawaru.
             Slain by a manticore (5 damage)
             ... on level 11 of the Dungeon.
             The game lasted 00:30:19 (15658 turns).

wtf the Carver (High Elf Fighter)                  Turns: 15658, Time: 00:30:19

Health: -3/78      AC: 13    Str: 22    XL:     11   Next: 42%
Magic:  16/16      EV: 12    Int: 12    God:    Okawaru [*****.]
Gold:   502        SH:  0    Dex: 16    Spells: 0 memorised, 10 levels left

rFire  + . .     SeeInvis .     F - +3 great sword (slice)
rCold  . . .     Gourm    .     D - +1 chain mail {rC+}
rNeg   . . .     Faith    .     (shield currently unavailable)
rPois  .         Spirit   .     (no helmet)
rElec  .         Dismiss  .     (no cloak)
rCorr  .         Reflect  .     n - +0 pair of gloves
SustAt .         Harm     .     (no boots)
MR     +....                    (no amulet)
Stlth  ..........               d - ring of fire
                                y - +2 ring of strength

@: confused, manticore barbs, somewhat resistant to hostile enchantments,
extremely unstealthy
A: regeneration 1, strong 1, no device heal 1, subdued magic 1
a: Heroism, Finesse, Renounce Religion


You were on level 11 of the Dungeon.
You worshipped Okawaru.
Okawaru was extremely pleased with you.
You were not hungry.

You visited 2 branches of the dungeon, and saw 12 of its levels.

You collected 502 gold pieces.

Inventory:

Hand Weapons
 F - a +3 great sword of slicing (weapon)
Armour
 n - a +0 pair of gloves (worn)
 u - a +0 buckler
 D - a +1 chain mail of cold resistance (worn)
Jewellery
 b - an uncursed ring of flight
 d - a ring of fire (right hand)
 r - an uncursed amulet of harm
 y - a +2 ring of strength (left hand)
Wands
 m - a wand of confusion (35/48)
 x - a wand of random effects (0/48)
 z - a wand of paralysis (8/24)
Scrolls
 e - 2 scrolls of amnesia
 g - 3 scrolls of teleportation
 h - 2 scrolls of fear
 j - 3 scrolls of vulnerability {unknown}
 k - 4 scrolls of fog
 l - 5 scrolls of remove curse
 p - 3 scrolls of magic mapping
 q - a scroll of noise
 v - a scroll of immolation
Potions
 i - 2 potions of magic
 o - 4 potions of degeneration
 w - 2 potions of brilliance
 A - 2 potions of lignification
 B - a potion of cancellation
Books
 c - a book of Air

   Spells                             Type                      Level
   a - Shock                          Conjuration/Air              1
   b - Swiftness                      Charms/Air                   2
   c - Repel Missiles                 Charms/Air                   2
   d - Static Discharge               Conjuration/Air              3
   e - Lightning Bolt                 Conjuration/Air              5
 C - a book of Necromancy

   Spells                             Type                      Level
   a - Pain                           Necromancy                   1
   b - Animate Skeleton               Necromancy                   1
   c - Vampiric Draining              Necromancy                   3
   d - Regeneration                   Charms/Necromancy            3
   e - Animate Dead                   Necromancy                   4
   f - Control Undead                 Necromancy                   4
Comestibles
 f - 11 bread rations
 t - 2 meat rations


   Skills:
 + Level 8.4 Fighting
   Level 1.7(8.1) Short Blades
 * Level 12.1 Long Blades
 + Level 8.8 Armour
 + Level 6.3 Dodging
 - Level 4.1 Shields
 * Level 6.4 Invocations


You had 10 spell levels left.
You didn't know any spells.

Dungeon Overview and Level Annotations

Branches:
Dungeon (11/15)            Temple (1/1) D:5            Lair (0/6) D:9
    Orc (0/2) D:9

Altars:
Ashenzari
Cheibriados
Dithmenos
Elyvilon
Fedhas
Gozag
Hepliaklqana
Kikubaaqudgha
Makhleb
Nemelex Xobeh
Okawaru
Pakellas
Qazlal
Ru
Sif Muna
Trog
Uskayaw
Vehumet
Xom
Yredelemnul
Zin
The Shining One

Shops:
D:4 =[%


Innate Abilities, Weirdness & Mutations

Your natural rate of healing is unusually fast.
Your muscles are strong. (Str +2)
Potions and wands are less effective at restoring your health.
Your spells are a little easier to cast, but a little less powerful.


Message History

Something claws you!
The barbed spikes dig painfully into your body as you move.
* * * LOW HITPOINT WARNING * * *
Something bites you.
* * * LOW HITPOINT WARNING * * *
Something claws you!
* * * LOW HITPOINT WARNING * * *
Something claws you!
* * * LOW HITPOINT WARNING * * *
Unknown command.
You are confused.
Your system partially rejects the healing.
You feel invigorated. Something bites you but does no damage.
Something claws you but does no damage. x2
Unknown command.
Unknown command.
Something bites you.
* * * LOW HITPOINT WARNING * * *
Something claws you.
You die...

#........+
#.#...####
#.##.######
#.........#
#.#######.# #..
#.# . #.# #.# ...
#. # ###(###.....
#.###.#...@.......
#.........#.......
####..).###.......
#.#.... .#...>.
##.#..## ##.....
##.#.. ..## #####
##


There were no monsters in sight!

Vanquished Creatures
  2 ugly things (D:11)
  Joseph (D:10)
  A gargoyle (D:10)
  A troll (D:11)
  Sigmund (D:5)
  11 yaks
  A spriggan (D:7)
  A wraith (D:10)
  2 hungry ghosts
  A hippogriff (D:10)
  Edmund (D:5)
  A soldier ant (D:11)
  2 wargs (D:8)
  A water moccasin (D:8)
  4 sky beasts
  7 orc warriors
  2 phantoms
  5 ice beasts
  9 ogres
  A necrophage (D:9)
  9 centaurs
  4 big kobolds
  7 giant frogs
  2 scorpions (D:4)
  4 wights (D:10)
  A howler monkey (D:6)
  A centaur zombie (D:8)
  5 crimson imps
  7 hounds
  A giant frog zombie (D:7)
  A gnoll shaman (D:8)
  2 jellies
  11 orc priests
  3 centaur skeletons
  12 orc wizards
  An iron imp (D:4)
  3 iguanas
  6 worker ants
  A hound zombie (D:6)
  A hound skeleton (D:4)
  A worker ant zombie (D:6)
  5 gnolls (D:8)
  11 adders
  A howler monkey skeleton (D:6)
  2 shadow imps (D:10)
  An ooze (D:4)
  5 worms
  4 giant geckos
  78 orcs
  3 ball pythons
  8 giant cockroaches
  6 goblins
  7 hobgoblins
  21 jackals
  26 kobolds
  5 quokkas
  8 bats
  A giant gecko skeleton (D:6)
  A giant gecko zombie (D:3)
  4 giant newts
  A quokka skeleton (D:8)
  11 rats
347 creatures vanquished.

Vanquished Creatures (others)
  A wyvern (D:8)
  A fungus (D:9)
2 creatures vanquished.

Grand Total: 349 creatures vanquished

Notes
Turn   | Place    | Note
-------+----------+-------------------------------------------
     0 | D:1      | wtf the High Elf Fighter began the quest for the Orb.
     0 | D:1      | Reached XP level 1. HP: 16/16 MP: 2/2
   254 | D:1      | Reached XP level 2. HP: 17/21 MP: 3/3
  1543 | D:2      | Found a blossoming altar of Fedhas.
  1614 | D:2      | Reached XP level 3. HP: 11/26 MP: 4/4
  2052 | D:2      | Reached skill level 3 in Long Blades
  2504 | D:2      | Reached skill level 1 in Dodging
  2504 | D:2      | Reached XP level 4. HP: 26/31 MP: 5/5
  3004 | D:3      | Found a glowing golden altar of the Shining One.
  3005 | D:3      | Reached XP level 5. HP: 37/37 MP: 6/6
  3017 | D:3      | Found a shadowy altar of Dithmenos.
  3409 | D:4      | Noticed an ogre
  3420 | D:4      | Killed an ogre
  3420 | D:4      | Reached skill level 4 in Long Blades
  3420 | D:4      | Reached XP level 6. HP: 43/43 MP: 7/7
  3792 | D:4      | HP: 2/43 [ogre/giant club (16)]
  3799 | D:4      | Reached skill level 5 in Long Blades
  4619 | D:4      | Reached XP level 7. HP: 30/48 MP: 8/8
  4715 | D:4      | Reached skill level 6 in Long Blades
  4938 | D:4      | Found Jegiywar's Jewellery Emporium.
  5076 | D:4      | Found Kics's Food Boutique.
  5144 | D:4      | Found Reshromeo's Armour Boutique.
  5171 | D:5      | Entered Level 5 of the Dungeon
  5171 | D:5      | Found a snail-covered altar of Cheibriados.
  5422 | D:5      | Reached skill level 7 in Long Blades
  5453 | D:5      | Found a burning altar of Makhleb.
  5713 | D:5      | Reached XP level 8. HP: 43/54 MP: 9/9
  5862 | D:5      | Reached skill level 8 in Long Blades
  6263 | D:5      | Reached skill level 5 in Fighting
  6352 | D:5      | Noticed Sigmund
  6361 | D:5      | Killed Sigmund
  6485 | D:5      | Noticed Edmund
  6520 | D:5      | Killed Edmund
  6520 | D:5      | Reached skill level 9 in Long Blades
  6674 | D:5      | Reached skill level 5 in Armour
  6804 | D:5      | Found a staircase to the Ecumenical Temple.
  6876 | Temple   | Entered the Ecumenical Temple
  7055 | Temple   | Became a worshipper of Warmaster Okawaru
  7545 | D:6      | Reached XP level 9. HP: 18/61 MP: 10/10
  7674 | D:6      | Reached * piety under Okawaru
  7821 | D:6      | Found a shadowy altar of Dithmenos.
  7999 | D:6      | Reached skill level 1 in Short Blades
  7999 | D:6      | Reached skill level 10 in Long Blades
  7999 | D:6      | Reached skill level 1 in Invocations
  8969 | D:7      | Reached ** piety under Okawaru
  9292 | D:7      | Reached *** piety under Okawaru
  9292 | D:7      | Reached skill level 5 in Dodging
  9298 | D:7      | Reached XP level 10. HP: 6/69 MP: 13/13
  9306 | D:7      | HP: 2/69 [yak (3)]
 10004 | D:8      | Found a blossoming altar of Fedhas.
 10603 | D:8      | HP: 2/69 [orc warrior/broad axe (7)]
 11413 | D:9      | Found a staircase to the Lair.
 11480 | D:9      | Reached **** piety under Okawaru
 12253 | D:8      | Reached skill level 11 in Long Blades
 12481 | D:8      | Reached skill level 5 in Invocations
 13055 | D:9      | Gained mutation: Your muscles are strong. (Str +2) [mutagenic meat]
 13058 | D:9      | Gained mutation: Potions and wands are less effective at restoring your health. [mutagenic meat]
 13061 | D:9      | Gained mutation: You expend magic power (3 MP) to strengthen your wands. [mutagenic meat]
 13393 | D:9      | Found a staircase to the Orcish Mines.
 13710 | D:9      | Found a sacrificial altar of Ru.
 13740 | D:10     | Entered Level 10 of the Dungeon
 13780 | D:10     | Reached XP level 11. HP: 71/76 MP: 16/16
 14393 | D:10     | Noticed Joseph
 14402 | D:10     | Killed Joseph
 14906 | D:11     | Gained mutation: Your natural rate of healing is unusually fast. [mutagenic meat]
 14909 | D:11     | Lost mutation: You expend magic power (3 MP) to strengthen your wands. [mutagenic meat]
 14912 | D:11     | Lost mutation: Your muscles are strong. (Str +2) [mutagenic meat]
 14915 | D:11     | Gained mutation: Your muscles are strong. (Str +2) [mutagenic meat]
 14921 | D:11     | Gained mutation: Your spells are a little easier to cast, but a little less powerful. [mutagenic meat]
 15226 | D:11     | Noticed a white ugly thing
 15245 | D:11     | Killed a white ugly thing
 15325 | D:11     | Reached skill level 12 in Long Blades
 15398 | D:11     | Reached ***** piety under Okawaru
 15409 | D:11     | Noticed a red ugly thing
 15430 | D:11     | Killed a red ugly thing
 15656 | D:11     | HP: 2/78 [something (7)]
 15658 | D:11     | Slain by a manticore

Vault maps used:
D:1:      minmay_arrival_four_circles, grunt_decor_arrowhead, minmay_surrounded
D:2:      fedhas_altar_2, minmay_pentomino_s4
D:3:      amethyst_overflow_temple_binary
D:4:      serial_shops, nicolae_shop_behind_doors, kennysheep_little_box, shop,
          first_bread
D:5:      slow_altar_1, basic_altar, sigmund_edmund_badplayer
D:6:      nicolae_dithmenos_shadow_blocks
D:7:      the_bakery
D:8:      special_room, basic_altar
D:9:      dpeg_oklobed_lair, erik_orc_4, nicolae_ru_the_path_less_chosen
D:10:     uniq_joseph
D:11:     minmay_misc_feat_plants
Temple:   regret_index_temple_mists

Skill      XL: |  1  2  3  4  5  6  7  8  9 10 11 |
---------------+----------------------------------+-----
Armour         | 3 4 5 6 8 |  8.8
Long Blades    | 3 4 5 7 9 10 11 12 | 12.1
Shields        | 3 4 |  4.1
Dodging        | 1 2 3 5 6 |  6.3
Fighting       | 4 5 6 7 8 |  8.4
Short Blades   | 1 |  1.7
Invocations    | 3 5 6 |  6.4

Action                   |  1- 3 |  4- 6 |  7- 9 | 10-12 || total
-------------------------+-------+-------+-------+-------++-------
Melee: Long sword        |   180 |   229 |   354 |    62 ||   825
       Rapier            |       |       |   216 |   511 ||   727
       Great sword       |       |       |       |   138 ||   138
Invok: Heroism           |       |       |       |     8 ||     8
Evoke: Wand              |       |       |       |     9 ||     9
  Use: Scroll            |       |     6 |    11 |     7 ||    24
       Potion            |       |     3 |     5 |     6 ||    14
  Eat: Chunk             |     5 |     4 |     9 |    11 ||    29
       Beef jerky        |       |     1 |     1 |       ||     2
       Meat ration       |       |       |     2 |       ||     2
       Bread ration      |       |       |       |     4 ||     4
       Royal jelly       |       |       |       |     2 ||     2
Armor: Scale mail        |    71 |    40 |       |       ||   111
       Skin              |       |    16 |       |       ||    16
       Chain mail        |       |    16 |   198 |   223 ||   437
Dodge: Dodged            |    55 |    53 |   191 |   257 ||   556
Block: Shield            |    50 |       |       |       ||    50
       Buckler           |    14 |    49 |    93 |   125 ||   281
